Map: Blackpink LE

Players

Infamous

  • Race: Protoss Protoss
  • League: Silver
  • Spawn Location: 7:00

TinjaNurtle - Winner!

  • Race: Zerg Zerg
  • Spawn Location: 1:00

VOD

Have the link to the VOD?

Description

Time

  • Played on: March 22, 2018, 1:12 p.m.
  • Length: 10:36
Show
View Real Time Build Order
Export as new Build Order

Infamous Protoss 

Build Orders:  

Get SALT Encoding   

  12  0:03  Probe  
  13  0:15  Probe (Chrono Boost)  
  14  0:23  Pylon  
  15  0:29  Probe (Chrono Boost)  
  15  0:46  Probe, Gateway  
  16  0:59  Assimilator  
  16  1:00  Probe (Chrono Boost)  
  18  1:12  Probe (Chrono Boost)  
  18  1:20  Probe (Chrono Boost)  
  19  1:27  Pylon  
  19  1:31  Probe  
  20  1:33  Cybernetics Core  
  20  1:41  Assimilator  
  20  1:45  Probe  
  20  1:46  Zealot  
  23  1:48  Pylon  
  23  1:59  Probe  
  23  2:09  Gateway  
  23  2:14  Gateway, Warp Gate (Chrono Boost)  
  23  2:20  Probe (Chrono Boost)  
  24  2:23  Sentry  
  26  2:32  Probe (Chrono Boost)  
  27  2:43  Robotics Facility  
  27  2:44  Probe (Chrono Boost)  
  28  2:55  Probe  
  28  2:56  Twilight Council  
  29  3:00  Stalker  
  31  3:08  Probe  
  32  3:27  Pylon, Probe  
  32  3:31  Pylon, Observer  
  34  3:37  Stalker  
  36  4:00  Probe  
  37  4:13  Probe, Warp Prism (Chrono Boost)  
  40  4:18  Stalker  
  40  4:19  Stalker  
  40  4:20  Sentry  
  46  4:34  Forge  
  46  4:52  Pylon  
  42  4:55  Zealot x3  
  37  5:10  Immortal  
  37  5:11  Protoss Ground Weapons Level 1  
  41  5:22  Templar Archives  
  41  5:32  Zealot x3  
  37  5:53  Zealot  
  37  5:54  Zealot  
  37  5:56  Adept  
  43  5:57  Immortal (Chrono Boost)  
  47  6:08  Gateway  
  47  6:10  Charge (Chrono Boost)  
  47  6:34  Adept x3  
  47  6:40  Adept x2  
  47  6:41  Adept  
  49  6:49  Immortal  
  49  6:52  Probe  
  52  7:06  Stalker  
  52  7:07  Stalker x2  
  52  7:20  Pylon  
  52  7:24  Probe  
  53  7:35  Photon Cannon  
  53  7:39  Zealot x2  
  53  7:40  Zealot  
  59  7:54  Sentry  
  59  7:57  Probe (Chrono Boost)  
  62  8:07  Probe (Chrono Boost)  
  63  8:32  Pylon  
  63  8:38  Nexus  
  63  8:50  Pylon  
  53  9:24  Gateway  
  46  9:41  Pylon  
  40  9:59  Stalker  
  36  10:11  Stalker  
  24  10:23  Probe  
Show
View Real Time Build Order
Export as new Build Order

TinjaNurtle Zerg - Winner!

Build Orders: Pool First 

Get SALT Encoding   

  12  0:01  Drone  
  13  0:16  Drone  
  14  0:24  Overlord  
  14  0:31  Extractor  
  13  0:41  Spawning Pool  
  12  0:43  Drone  
  13  1:02  Drone x2  
  16  1:04  Drone  
  16  1:26  Overlord  
  16  1:28  Queen  
  18  1:34  Zergling x2  
  19  1:42  Drone  
  19  1:46  Extractor  
  19  2:03  Queen  
  19  2:07  Hatchery  
  20  2:13  Drone  
  20  2:15  Drone x2  
  23  2:53  Zergling x10  
  23  2:55  Metabolic Boost  
  28  3:04  Evolution Chamber  
  27  3:22  Drone  
  27  3:25  Drone x4  
  32  3:33  Roach Warren  
  31  3:40  Zergling x4  
  33  3:43  Drone  
  34  4:26  Lair  
  34  4:27  Drone  
  34  4:28  Drone  
  34  4:29  Overlord  
  34  4:30  Overlord x2  
  34  5:04  Roach  
  34  5:05  Roach x8  
  52  5:13  Drone x3  
  55  5:20  Extractor  
  54  5:23  Extractor  
  49  5:44  Drone x5  
  53  5:56  Burrow  
  53  6:01  Spore Crawler  
  53  6:03  Spore Crawler  
  51  6:11  Spire  
  51  6:14  Drone  
  51  6:15  Drone x3  
  54  6:22  Zerg Missile Weapons Level 1  
  54  6:34  Overseer  
  54  6:39  Zergling x2  
  53  6:40  Zergling x12  
  53  6:45  Spine Crawler  
  50  6:53  Spine Crawler  
  46  7:15  Spore Crawler  
  46  7:21  Drone  
  46  7:22  Drone x2  
  48  7:23  Drone x4  
  43  7:45  Mutalisk x3  
  43  7:46  Mutalisk x3  
  55  7:56  Mutalisk  
  55  7:57  Mutalisk  
  59  8:00  Zerg Flyer Weapons Level 1  
  59  8:06  Overlord  
  59  8:07  Overlord  
  59  8:28  Mutalisk  
  59  8:29  Mutalisk x4  
  69  8:42  Queen  
  71  8:53  Mutalisk  
  71  8:54  Mutalisk  
  75  8:57  Overlord x2  
  75  9:41  Drone  
  75  9:42  Drone x9  
  84  10:10  Drone x4  
  79  10:33  Hatchery  
Tags
 
League
Silver
Matchup
PvZ
Opening
Pool First
Replay Pack
Last Remnant (2)
Spawn Locations
Cross Positions
Add a new tag
Caveats
  • Supply blocks, unpowered buildings, or Contaminate may cause inaccurate times.
  • Supply counts are checked every 10 seconds.